 Dungeon Crawl Stone Soup version 0.17-a0-701-gb6462b4 (webtiles) character file.

675 kusayu the Conjurer (level 7, -1/41 HPs)
             Began as an Octopode Wizard on Apr 19, 2015.
             Slain by a sky beast (6 damage)
             ... on level 5 of the Dungeon.
             The game lasted 00:29:44 (5018 turns).

kusayu the Conjurer (Octopode Wizard)               Turns: 5018, Time: 00:29:44

Health: -1/41      AC:  2    Str:  3 (6)  XL:     7   Next: 59%
Magic:  10/13      EV: 12    Int: 23      God:
Gold:   186        SH:  0    Dex: 10      Spells: 6 memorised, 1 level left

rFire  + . .     SeeInvis .     a - +0 short sword
rCold  x . .     Clarity  .     (no shield)
rNeg   . . .     SustAb   .     l - +1 hat
rPois  .         Gourm    .     j - amulet of regeneration
rElec  .         Spirit   .     m - ring of fire
rCorr  .         Warding  .     (no ring)
rMut   .         Stasis   .     (no ring)
MR     .....                    (no ring)
Stlth  +++++.....               (no ring)
                                (no ring)
                                (no ring)
                                (no ring)

@: not resistant to hostile enchantments, quite stealthy
A: almost no armour, amphibious, 8 rings, constrict 8, tentacle spike 1,
camouflage 1, gelatinous body 1, evolution 1
a: no special abilities


You were on level 5 of the Dungeon.
You were hungry.

You visited 1 branch of the dungeon, and saw 5 of its levels.

You collected 186 gold pieces.

Inventory:

Hand weapons
 a - a +0 short sword (weapon)
 b - a +0 halberd
Armour
 l - a +1 hat (worn)
Jewellery
 j - an amulet of regeneration (around mantle)
 m - a ring of fire (left tentacle)
Magical devices
 k - a wand of fire (0)
Scrolls
 e - a scroll of remove curse
 f - 2 scrolls of recharging
 i - 5 scrolls of identify
 n - a scroll of teleportation {unknown}
 p - a scroll of acquirement {unknown}
 q - a scroll of amnesia {unknown}
 t - a scroll of fog
Potions
 r - a potion of curing
 v - a potion of cancellation
Books
 c - a book of Minor Magic

   Spells                             Type                      Level
   a - Magic Dart                     Conjuration                  1
   b - Blink                          Translocation                2
   c - Call Imp                       Summoning                    2
   d - Repel Missiles                 Charms/Air                   2
   e - Slow                           Hexes                        2
   f - Conjure Flame                  Conjuration/Fire             3
   g - Mephitic Cloud                 Conjuration/Poison/Air       3
Comestibles
 d - 2 bread rations
 g - 7 meat rations
 h - 6 beef jerkies
 o - 2 chunks of flesh
 s - 5 fruits


   Skills:
 - Level 2.0 Dodging
 + Level 5.0 Stealth
 - Level 4.3 Spellcasting
 * Level 6.6 Conjurations
 - Level 1.0 Summonings
 - Level 1.0 Translocations


You had one spell level left.
You knew the following spells:

 Your Spells              Type           Power        Failure   Level  Hunger
a - Magic Dart            Conj           ####         1%          1    None
b - Blink                 Tloc           N/A          12%         2    None
c - Conjure Flame         Conj/Fire      ####....     10%         3    ##.....
d - Mephitic Cloud        Conj/Pois/Air  ###.....     14%         3    ##.....
e - Call Imp              Summ           #.......     12%         2    None
r - Repel Missiles        Chrm/Air       #.....       17%         2    None


Dungeon Overview and Level Annotations

Branches:
Dungeon (5/15)
 Temple: D:4-7

Altars:
Fedhas


Innate Abilities, Weirdness & Mutations

You cannot wear most types of armour.
You are amphibious.
You can wear up to eight rings at the same time.
You can use your tentacles to constrict eight enemies at once.
Your skin changes colour to match your surroundings (Stealth).
Your rubbery body absorbs attacks (AC +1).
One of your tentacles bears a spike.
You evolve.


Message History

Press: ? - help, Shift-Dir - straight line, f - sky beast
Aim: a sky beast (water, lightly wounded)
The magic dart hits the sky beast.
The sky beast is lightly wounded.
The sky beast hits you. The sky beast shocks you.
Casting: Magic Dart
Confirm with . or Enter, or press ? or * to list all spells.
Aiming: Magic Dart
Press: ? - help, Shift-Dir - straight line, f/p - sky beast
Aim: a sky beast (water, lightly wounded)
The magic dart hits the sky beast.
The sky beast is moderately wounded.
The sky beast hits you.
* * * LOW HITPOINT WARNING * * *
The sky beast shocks you.
* * * LOW HITPOINT WARNING * * *
The sky beast hits you.
* * * LOW HITPOINT WARNING * * *
The sky beast shocks you.
You die...

........... ##.. .###....#.
≈..## #####.#. ≈≈.. #...#.##
# #≈≈#######...#.## +≈≈+
#≈≈.. .......+...
###≈≈###≈≈#######...#.#.
≈≈≈≈≈≈≈≈≈≈≈...#..'.......
.≈≈≈≈≈≈≈≈≈@Y≈## #.##....(..
..≈≈###≈≈###≈≈.# #....#+#
...≈≈+ #≈≈# #≈≈.#+#+##.......
...≈≈###≈≈#+#≈≈......†.......
#..≈≈≈≈≈≈≈≈≈≈...(...........
#...≈≈≈≈≈≈≈≈#..............#
#........##...........######
#........######+##..........
#........# #.#.####.....###


You could see a sky beast.

Vanquished Creatures
  2 phantoms (D:4)
  2 ogres (D:4)
  2 orc wizards (D:4)
  A giant frog skeleton (D:4)
  A hound zombie (D:4)
  7 gnolls
  7 adders
  2 worms
  A giant gecko (D:3)
  17 orcs
  4 bat skeletons (D:4)
  A bat zombie (D:4)
  5 hobgoblins
  8 jackals
  11 kobolds
  10 bats
  7 giant cockroaches
  A giant gecko skeleton (D:4)
  5 giant newts
  10 goblins
  2 quokkas
  9 rats
115 creatures vanquished.

Notes
Turn   | Place    | Note
--------------------------------------------------------------
     0 | D:1      | kusayu, the Octopode Wizard, began the quest for the Orb.
     0 | D:1      | Reached XP level 1. HP: 11/11 MP: 4/4
   222 | D:1      | Reached XP level 2. HP: 17/17 MP: 0/6
   226 | D:1      | Learned a level 2 spell: Blink
   229 | D:1      | Learned a level 2 spell: Repel Missiles
  1201 | D:2      | Reached XP level 3. HP: 21/21 MP: 0/8
  1209 | D:2      | Learned a level 3 spell: Mephitic Cloud
  1627 | D:2      | Reached XP level 4. HP: 27/27 MP: 6/9
  2090 | D:3      | Reached XP level 5. HP: 8/31 MP: 1/10
  2168 | D:3      | Learned a level 3 spell: Conjure Flame
  2219 | D:3      | Reached skill level 4 in Spellcasting
  2417 | D:3      | Found a blossoming altar of Fedhas.
  3083 | D:4      | Noticed a phantom
  3399 | D:4      | Reached XP level 6. HP: 27/36 MP: 4/12
  3403 | D:4      | Learned a level 2 spell: Call Imp
  3660 | D:4      | Gained mutation: You evolve. [potion of beneficial mutation]
  3891 | D:4      | Noticed a phantom
  3973 | D:4      | Reached skill level 5 in Conjurations
  4045 | D:4      | Noticed an ogre
  4066 | D:4      | Killed an ogre
  4161 | D:4      | Noticed an ogre
  4177 | D:4      | Killed an ogre
  4177 | D:4      | Reached XP level 7. HP: 22/41 MP: 6/13
  4219 | D:5      | Entered Level 5 of the Dungeon
  4309 | D:4      | Killed a phantom
  4309 | D:4      | Reached skill level 6 in Conjurations
  4314 | D:4      | Killed a phantom
  4543 | D:4      | Reached skill level 5 in Stealth
  4684 | D:5      | HP: 1/41 [something (5)]
  4837 | D:5      | Gained mutation: One of your tentacles bears a spike. [potion of beneficial mutation]
  5018 | D:5      | Slain by a sky beast

Action                   |  1- 3 |  4- 6 |  7- 9 || total
-------------------------+-------+-------+-------++-------
Melee: Short sword       |    52 |   131 |    26 ||   209
       Unarmed           |     6 |       |       ||     6
       Halberd           |       |    49 |       ||    49
 Cast: Magic Dart        |    30 |   100 |    36 ||   166
       Mephitic Cloud    |     3 |     8 |     1 ||    12
       Blink             |     1 |     1 |     4 ||     6
       Conjure Flame     |       |     8 |       ||     8
Evoke: Wand              |       |       |     3 ||     3
  Use: Potion            |       |     4 |     3 ||     7
       Scroll            |       |     7 |       ||     7
 Stab: Sleeping          |     1 |     3 |     1 ||     5
       Confused          |       |     2 |       ||     2
  Eat: Chunk             |     2 |     6 |     3 ||    11
       Meat ration       |       |     1 |       ||     1
